 Dungeon Crawl Stone Soup version 0.26-a0-690-gcb57259078 (webtiles) character file.

Game seed: 2743547193914246241

47 dickylongcocking the Conjurer (level 3, -1/21 HPs)
             Began as an Octopode Hedge Wizard on Oct 25, 2020.
             Splashed by a jelly's acid (10 damage)
             ... on level 2 of the Dungeon.
             The game lasted 00:01:19 (2288 turns).

dickylongcocking the Conjurer (OpWz)                Turns: 2288, Time: 00:01:20

Health: -1/21      AC:  1    Str:  9    XL:     3   Next: 70%
Magic:  7/7        EV: 13    Int: 17    God:
Gold:   40         SH:  0    Dex: 11    Spells: 5/8 levels left

rFire    . . .     SeeInvis .   a - +0 dagger
rCold    . . .     Faith    .   (no shield)
rNeg     . . .     Spirit   .   b - +0 hat
rPois    .         Reflect  .   (no amulet)
rElec    .         Harm     .   (no ring)
rCorr    .         Rampage  .   (no ring)
MR       .....                  (no ring)
Stlth    +++.......             (no ring)
HPRegen  0.07/turn              (no ring)
MPRegen  0.10/turn              (no ring)
                                (no ring)
                                (no ring)

@: mighty
A: almost no armour, stealthy swim, amphibious, 8 rings, constrict 8, camouflage
1, gelatinous body 1
a: no special abilities


You were on level 2 of the Dungeon.
You visited 1 branch of the dungeon, and saw 2 of its levels.

You collected 40 gold pieces.

Inventory:

Hand Weapons
 a - a +0 dagger (weapon)
Armour
 b - a +0 hat (worn)
Scrolls
 e - a scroll of immolation {unknown}
 g - a scroll of teleportation {unknown}
 h - a scroll of magic mapping {unknown}
Potions
 c - a potion of resistance {unknown}
 f - 2 potions of curing {unknown}


   Skills:
 - Level 2.0 Dodging
 - Level 2.6 Stealth
 - Level 3.0 Spellcasting
 * Level 3.1 Conjurations
 * Level 1.6 Summonings
   Level 1.0 Translocations


You had 5 spell levels left.
You knew the following spells:

 Your Spells              Type           Power        Failure   Level
a - Magic Dart            Conj           ##..         4%          1
b - Call Imp              Summ           #.......     14%         2

Your spell library contained the following spells:

 Spells                   Type           Power        Failure   Level
 Blink                    Tloc           N/A          17%         2
 Slow                     Hex            #.......     26%         2
 Conjure Flame            Conj/Fire      #.......     28%         3
 Mephitic Cloud           Conj/Pois/Air  #.......     34%         3


Dungeon Overview and Level Annotations

Branches:
Dungeon (2/15)

Altars:


Innate Abilities, Weirdness & Mutations

You cannot wear most types of armour.
You are very stealthy in the water. (Stealth+)
You are amphibious.
You can wear up to eight rings at the same time.
You can use your tentacles to constrict eight enemies at once.
Your skin changes colour to match your surroundings (Stealth+).
Your rubbery body absorbs attacks. (AC +1, EV +1)


Message History

The ooze hits you.
Unknown command.
It was a potion of might.
You feel very mighty all of a sudden. The ooze misses you.
You puncture the ooze!
You kill the ooze!
Your Conjurations skill increases to level 3!
A nearby fungus withers and dies.
You puncture the ooze!
The ooze is severely wounded.
The ooze hits you.
You puncture the ooze!
You kill the ooze!
You puncture the ooze!
You kill the ooze!
You hit the jelly.
Your tentacles burn!
The jelly is lightly wounded.
The jelly hits you.
You are splashed with acid!
You die...

#.####.)(..##
#. #...(...#
# #.......#
#.......#
#.......#
####...)#
##.5'....#
#.########
##..)..@#
#######J# ..#
..# .รท# P.#
..# ..#


You could see a jelly.

Vanquished Creatures
  3 oozes (D:2)
  A ball python (D:1)
  A bat (D:1)
  4 hobgoblins (D:1)
  3 frilled lizards (D:1)
  7 kobolds
  4 rats (D:1)
23 creatures vanquished.

Vanquished Creatures (collateral kills)
  2 oozes (D:1)
  A worm (D:2)
  4 kobolds (D:2)
  A bat (D:2)
8 creatures vanquished.

Vanquished Creatures (others)
  4 fungi (D:2)
  8 toadstools (D:2)
12 creatures vanquished.

Grand Total: 43 creatures vanquished

Notes
Turn   | Place    | Note
-------+----------+-------------------------------------------
     0 | D:1      | dickylongcocking the Octopode Hedge Wizard began the quest
                  | for the Orb.
     0 | D:1      | Reached XP level 1. HP: 11/11 MP: 4/4
   417 | D:1      | Reached XP level 2. HP: 13/17 MP: 6/6
   617 | D:1      | Learned a level 2 spell: Call Imp
  1895 | D:2      | Reached XP level 3. HP: 9/21 MP: 1/7
  2288 | D:2      | Splashed by a jelly's acid

Illustrated notes

Levels and vault maps discovered:
D:1:      kennysheep_arrival_seaside, layout_loops_ring
D:2:      cheibrodos_fertilizer, layout_loops_cross,
          chequers_ecumenical_altar_island, minmay_goblin_kobold_house

Skill      XL: |  1  2  3 |
---------------+----------+-----
Conjurations   | 2 3 |  3.1
Dodging        | |  2.0
Stealth        | |  2.6
Spellcasting   | |  3.0
Summonings     | |  1.6
Translocations | |  1.0

Action                   || total
-------------------------++-------
Melee: Dagger            ||    61
       Constrict         ||    10
       Tentacles         ||     8
 Cast: Magic Dart        ||     8
       Call Imp          ||    13
  Use: Potion            ||     1
 Stab: Sleeping          ||     2
Armor: Skin              ||     7
Dodge: Dodged            ||    41

Table legend: (Time is in decaauts)
 A = Elapsed time spent in this place.
 B = Non-inter-level travel time spent in this place.
 C = Inter-level travel time spent in this place.
 D = Time resting spent in this place.
 E = Time spent auto-exploring this place.
 F = Levels seen in this place.
 G = Mean time per level.
                   A        B        C        D        E       F      G
               +--------+--------+--------+--------+--------+-----+--------+
         Total |   2287 |   2226 |     61 |    345 |   1635 |   2 | 1143.5 |
       Dungeon |   2287 |   2226 |     61 |    345 |   1635 |   2 | 1143.5 |
               +--------+--------+--------+--------+--------+-----+--------+

Top non-repeatable levels by time:
     D:1: 1875 daAuts
     D:2: 412 daAuts
